 Dungeon Crawl Stone Soup version 0.31.0-12-g77e489cdc1 (webtiles) character file.

Game seed: 8981069796523893862

360 DapperDog the Slasher (level 6, -1/53 HPs)
             Began as a Minotaur Fighter on Jan 27, 2024.
             Was an Initiate of Yredelemnul.
             Slain by Duvessa
             ... wielding a +5 vampiric short sword
              (6 damage)
             ... on level 5 of the Dungeon on Feb 15, 2024.
             The game lasted 00:19:52 (2046 turns).

DapperDog the Slasher (Minotaur Fighter)            Turns: 2046, Time: 00:19:53

Health: -1/53      AC: 11    Str: 22    XL:     6   Next: 38%
Magic:  5/5        EV: 10    Int:  5    God:    Yredelemnul [......]
Gold:   154        SH:  5    Dex: 10    Spells: 5/5 levels left

rFire   + . .        a - +0 long sword
rCold   . . .        c - +1 buckler
rNeg    . . .        d - +1 ring mail {rF+}
rPois   .            (helmet restricted)
rElec   .            r - scarf {+Inv}
rCorr   .            (no gloves)
SInv    .            (no boots)
Will    .....        (no amulet)
Stlth   +            q - +4 ring of protection
HPRegen 0.28/turn    (no ring)
MPRegen 0.09/turn

%: no passive effects
@: no status effects
A: horns 2, retaliatory headbutt
a: Renounce Religion, Evoke Invisibility, Recall Undead Harvest


You were on level 5 of the Dungeon.
You worshipped Yredelemnul.
Yredelemnul was noncommittal.
You visited 1 branch of the dungeon, and saw 5 of its levels.

You collected 154 gold pieces.

Inventory:

Hand Weapons
 a - a +0 long sword (weapon)
Armour
 c - a +1 buckler (worn)
 d - a +1 ring mail of fire resistance (worn)
 r - a scarf of invisibility (worn)
Jewellery
 q - a +4 ring of protection (left hand)
Scrolls
 b - a scroll of vulnerability {unknown}
 e - a scroll of immolation
 g - a scroll of silence
 h - a scroll of enchant weapon {unknown}
 j - a scroll of teleportation
 p - a scroll of identify
Potions
 f - a potion of haste {unknown}
 k - a potion of lignification {unknown}
 l - a potion of cancellation {unknown}
 n - 2 potions of curing {unknown}


   Skills:
 + Level 4.7 Fighting
 + Level 5.5 Long Blades
 + Level 5.3 Armour
 + Level 1.4 Dodging
 + Level 0.5 Stealth
 + Level 4.4 Shields


You had 5 spell levels left.
You didn't know any spells.
Your spell library contained the following spells:

 Spells                   Type           Power      Damage    Failure   Level
 Ensorcelled Hibernation  Hex/Ice        0%         N/A       83%         2
 Scorch                   Fire           0%         2d5       83%         2
 Passwall                 Erth           0%         N/A       97%         3
 Swiftness                Air            0%         N/A       97%         3
 Flame Wave               Conj/Fire      0%         2d4       100%        4
 Summon Cactus Giant      Summ           0%         N/A       100%        6


Dungeon Overview and Level Annotations

Branches:
Dungeon (5/15)
 Temple: D:4-7

Altars:
Fedhas
Okawaru
Ru
Trog
Vehumet
Yredelemnul
The Shining One

Annotations:
D:5 Dowan, Duvessa


Innate Abilities, Weirdness & Mutations

You have a pair of horns on your head.
You reflexively headbutt those who attack you in melee.


Message History

The sleepcap barely misses your adder zombie.
Your black bear zombie bites Duvessa.
Your black bear zombie claws Duvessa. x2
Your adder zombie bites Duvessa but does no damage.
Something closely misses your adder zombie.
Dowan gestures at your adder zombie while chanting.
The sleepcap releases spores at your adder zombie.
Your adder zombie bites the sleepcap but does no damage.
Something misses your adder zombie.
Your adder zombie bites Dowan.
Something barely misses your adder zombie.
Something hits your adder zombie.
Something closely misses your adder zombie.
Your black bear zombie closely misses Dowan.
Your black bear zombie claws Dowan.
Your black bear zombie closely misses Dowan.
Dowan points at you and mumbles some strange words.
The puff of flame hits your iguana zombie!
Your black bear zombie bites Dowan!
Your black bear zombie claws Dowan.
Your black bear zombie barely misses Dowan.
You swap places.
Duvessa attacks as she pursues you!
Duvessa hits you with a +5 vampiric short sword!
Duvessa draws strength from your wounds!
Duvessa hits you with a +5 vampiric short sword.
* * * LOW HITPOINT WARNING * * *
You closely miss Duvessa.
Duvessa is moderately wounded.
Your iguana zombie completely misses Duvessa.
Duvessa hits you with a +5 vampiric short sword.
* * * LOW HITPOINT WARNING * * *
You hit Duvessa but do no damage.
Duvessa is moderately wounded.
Duvessa hits you but does no damage.
Your iguana zombie closely misses Duvessa.
Duvessa hits you with a +5 vampiric short sword.
* * * LOW HITPOINT WARNING * * *
You hit Duvessa. Your headbutt misses Duvessa.
Duvessa is moderately wounded.
Duvessa hits you with a +5 vampiric short sword.
You die...
Your body rises from the dead as a mindless zombie.

#..............#...
#....##..........#..
#...................
##....#.#.......
#....##.# ....
#....#..###. ....
#................
#..Z.###### .....
#..e@# ...... ##.###
###...... #.#
#e.f.....
##.######Z....#
#..Z..Z.eZ.####
#.#........###
#..........#
#..######### #.#


You could see Duvessa (fast, ally target) and a friendly iguana zombie.

Vanquished Creatures
  A black bear (D:5)
  A jelly (D:5)
  2 hounds (D:4)
  3 adders
  5 orcs
  3 ball pythons
  6 endoplasms
  3 giant cockroaches (D:1)
  4 goblins
  6 hobgoblins
  6 jackals
  A quokka (D:3)
  2 bats
  A frilled lizard (D:1)
  A kobold (D:3)
  5 rats
50 creatures vanquished.

Vanquished Creatures (collateral kills)
  An orc priest (D:4)
  2 iguanas
  An adder (D:4)
  2 goblins (D:4)
  A jackal (D:4)
  A ball python (D:4)
8 creatures vanquished.

Vanquished Creatures (others)
  A black bear zombie (D:5)
  A hound zombie (D:4)
  An adder zombie (D:5)
  2 goblin zombies (D:4)
  A jackal zombie (D:4)
  An orc zombie (D:4)
7 creatures vanquished.

Grand Total: 65 creatures vanquished

Notes
Turn   | Place    | Note
-------+----------+-------------------------------------------
     0 | D:1      | DapperDog the Minotaur Fighter began the quest for the Orb.
     0 | D:1      | Reached XP level 1. HP: 19/19 MP: 0/0
   168 | D:1      | Reached XP level 2. HP: 27/27 MP: 1/1
   462 | D:2      | You fall into a shaft and drop 1 floor!
   484 | D:3      | Upgraded the game from 0.31.0-11-ge490571c62 to
                  | 0.31.0-12-g77e489cdc1
   543 | D:3      | Reached XP level 3. HP: 33/33 MP: 2/2
  1058 | D:4      | Found a basalt altar of Yredelemnul.
  1066 | D:4      | Became a worshipper of Yredelemnul the Dark
  1157 | D:4      | Found a sacrificial altar of Ru.
  1160 | D:4      | Found a blossoming altar of Fedhas.
  1168 | D:4      | Found a glowing golden altar of the Shining One.
  1171 | D:4      | Found a bloodstained altar of Trog.
  1173 | D:4      | Found an iron altar of Okawaru.
  1178 | D:4      | Found a radiant altar of Vehumet.
  1342 | D:4      | Reached * piety under Yredelemnul
  1343 | D:4      | Reached XP level 4. HP: 40/40 MP: 3/3
  1404 | D:4      | Reached ** piety under Yredelemnul
  1566 | D:4      | Reached skill level 1 in Dodging
  1584 | D:4      | Reached XP level 5. HP: 23/47 MP: 4/4
  1940 | D:5      | Entered Level 5 of the Dungeon
  1959 | D:5      | Noticed a black bear
  1965 | D:5      | Killed a black bear
  1966 | D:5      | Reached skill level 5 in Long Blades
  1966 | D:5      | Reached skill level 5 in Armour
  1966 | D:5      | Reached XP level 6. HP: 25/53 MP: 5/5
  2019 | D:5      | Noticed Duvessa
  2020 | D:5      | Noticed Dowan
  2046 | D:5      | Slain by Duvessa

Illustrated notes

Levels and vault maps discovered:
D:1:      scummos_arrival_forest, layout_basic,
          hellmonk_ecumenical_altar_run_dry
D:2:      layout_basic, serial_bayou_ford_a, uniq_natasha, uniq_robin
D:3:      layout_loops_ring, chequers_serial_rivers_micro_c
D:4:      layout_layer_cave, mainiacjoe_overflow_tiny_flanked,
          nicolae_overflow_hallway_of_the_gods, supply_closet_lemuel,
          kennysheep_orc_chapel
D:5:      layout_rooms, lemuel_round_altar, hangedman_decor_slide_cut,
          uniq_duvessa

Skill      XL: |  1  2  3  4  5 |
---------------+----------------+-----
Armour         | 4 5 |  5.3
Shields        | 4 |  4.4
Fighting       | 4 |  4.7
Long Blades    | 3 4 5 |  5.5
Dodging        | 1 |  1.4
Stealth        | |  0.5

Action                     |  1- 3 |  4- 6 || total
---------------------------+-------+-------++-------
  Melee: Long sword        |    85 |    47 ||   132
         Headbutt          |     9 |     7 ||    16
    Use: Scroll            |     2 |     3 ||     5
         Potion            |       |     1 ||     1
   Stab: Distracted        |       |     2 ||     2
 Armour: Scale mail        |    59 |    11 ||    70
         Ring mail         |       |    27 ||    27
  Dodge: Dodged            |    35 |    20 ||    55
  Block: Buckler           |    18 |    17 ||    35
